Flames vs Predators

Created - 15 avril 2016 at 19:27

Goals
1 2 3 OT1 T
Flames 2 1 1 1 5
Predators 1 2 1 0 4
Shots
1 2 3 OT1 T
Flames 8 4 5 3 20
Predators 6 10 3 1 20

1st period

1. Flames , Marcel Goc 24 (Erik Johnson, Tomas Kaberle) at 11:54
2. Predators , Josef Vasicek 14 (Alexander Edler, Kris Vernarsky) at 17:56
3. Flames , Alexander Semin 37 (Steve Eminger, Eric Staal) at 18:10

Penalties :
Frans Nielsen (Nas) for Slashing (Minor) at 11:57, Josef Vasicek (Nas) for Tripping (Minor) at 18:33

2nd period

4. Predators , Erik Rasmussen 11 (Vaclav Varada, Ryan Mcdonagh) at 8:40
5. Flames , Alexander Semin 38 (David Backes, Patrik Berglund) at 9:14
6. Predators , Eric Nystrom 15 (Chris Kelly, Michael Grabner) at 14:35

Penalties :
Adam Burish (Nas) for Hooking (Minor) at 3:56, Milan Hejduk (Cal) for Hooking (Minor) at 10:00, Joe Corvo (Cal) for High sticking (Minor) at 15:38, Steve Regier (Cal) for Tripping (Minor) at 17:51

3rd period

7. Predators , Josef Vasicek 15 (Alexander Steen, Alexander Edler) at 3:02 (PP)
8. Flames , Michel Ouellet 8 (Steve Regier, Patrik Berglund) at 3:40 (PP)

Penalties :
David Backes (Cal) for Hooking (Minor) at 1:32, Alexander Ovechkin (Nas) for Boarding (Major) at 3:37, Kris Vernarsky (Nas) for Hooking (Minor) at 16:47

Overtime #1

9. Flames , Mark Bell 16 (Brad Marchand, Tomas Kaberle) at 2:05

Penalties :
No Penalty

Goalie Stats

Craig Anderson (Cal), 16 saves from 20 shots - (0,800), W, 13-2-1, 62:05 minutes
Chad Johnson (Nas), 15 saves from 20 shots - (0,750), OTL, 7-6-2, 62:05 minutes

Players Stats for Flames

Player Name              G  A  P  +/- PIM S  H  SB GA TA FO     MP     PP MP  PK MP  
------------------------------------------------------------------------------------
Alexander Semin          2  0  2   1  0   6  3  0  0  0  1/3    22:52   5:33   3:31 
Brad Marchand            0  1  1   1  0   0  2  0  0  0  0/0     9:53   1:18   0:42 
Colin Wilson             0  0  0   0  0   0  0  0  0  0  1/5    12:36   0:35   3:09 
David Backes             0  1  1   1  2   0  3  0  0  0  1/2    20:45   5:36   3:13 
Eric Staal               0  1  1   0  0   1  0  0  0  0  14/29  23:52   5:33   4:01 
Erik Johnson             0  1  1   2  0   1  2  1  1  0  0/0    25:26   6:37   3:19 
Filip Kuba               0  0  0   0  0   0  1  1  1  0  0/0    23:50   7:10   0:00 
Joe Corvo                0  0  0  -1  2   0  0  2  0  0  0/0    14:49   5:40   0:00 
Jordin Tootoo            0  0  0   0  0   0  2  0  0  0  0/0    14:10   1:15   0:01 
Marcel Goc               1  0  1   1  0   2  0  0  0  0  0/2     4:50   0:00   0:00 
Mark Bell                1  0  1   1  0   3  0  1  0  1  0/0    12:59   1:03   0:00 
Michel Ouellet           1  0  1   0  0   4  2  0  0  0  0/0    12:04   5:51   0:00 
Milan Hejduk             0  0  0  -1  2   0  2  0  0  0  0/0    10:03   0:13   0:00 
Patrik Berglund          0  2  2  -1  0   0  0  0  0  0  2/6    16:40   5:57   0:17 
Ron Hainsey              0  0  0  -1  0   0  0  2  0  1  0/0    14:32   1:01   4:08 
Steve Eminger            0  1  1   0  0   3  0  3  1  0  0/0    22:09   0:16   4:08 
Steve Regier             0  1  1  -1  2   0  1  0  1  0  0/0    16:07   5:51   0:00 
Tomas Kaberle            0  2  2   2  0   0  0  1  1  0  0/0    23:12   5:06   3:19 

Players Stats for Predators

Player Name              G  A  P  +/- PIM S  H  SB GA TA FO     MP     PP MP  PK MP  
------------------------------------------------------------------------------------
Adam Burish              0  0  0  -1  2   1  1  1  0  0  0/0    18:05   3:16   0:25 
Alexander Edler          0  2  2  -2  0   4  0  0  0  1  0/0    28:47   3:46   6:43 
Alexander Ovechkin       0  0  0  -1  5   4  1  0  0  0  1/2    22:39   3:13   4:18 
Alexander Steen          0  1  1  -2  0   0  3  0  0  0  0/0    18:13   3:57   3:26 
Andrei Markov            0  0  0   2  0   0  2  0  0  1  0/0    16:31   3:41   0:52 
Barret Jackman           0  0  0  -1  0   1  1  0  0  1  0/0    15:57   0:00   5:18 
Chris Kelly              0  1  1   0  0   1  0  0  0  1  3/4    14:09   0:00   4:31 
Christian Ehrhoff        0  0  0  -3  0   0  0  0  0  0  0/0    21:12   3:46   1:00 
Eric Nystrom             1  0  1   1  0   1  3  0  0  0  1/4    14:02   0:00   5:22 
Erik Rasmussen           1  0  1   1  0   2  1  0  1  0  2/2     9:44   0:00   1:58 
Frans Nielsen            0  0  0  -1  2   0  2  1  0  0  12/17  14:04   2:50   2:09 
James Van Riemsdyk       0  0  0   1  0   1  1  0  0  0  0/0     9:39   0:00   1:49 
John Moore               0  0  0   0  0   0  1  1  0  1  0/0    15:05   0:00   5:18 
Josef Vasicek            2  0  2  -1  2   2  2  0  0  0  2/3    17:14   3:57   1:52 
Kris Vernarsky           0  1  1  -1  2   1  1  0  0  0  7/15   14:26   0:57   0:00 
Michael Grabner          0  1  1   1  0   0  3  0  1  0  0/0    12:16   3:57   0:00 
Ryan Mcdonagh            0  1  1   2  0   0  3  1  0  0  0/0    25:27   3:41   6:39 
Vaclav Varada            0  1  1   1  0   2  2  0  0  0  0/0     7:50   0:14   0:00 

3 Stars

1 - Alexander Semin (Cal)
2 - Eric Nystrom (Nas)
3 - Josef Vasicek (Nas)

Power Play

Flames - 1 on 6 Attempt(s) - 16,67%
Predators - 1 on 4 Attempt(s) - 25,00%

Penalty Kill

Flames - 3 on 4 Attempt(s) - 75,00% - Score 0 goal in Penalty Kill
Predators - 5 on 6 Attempt(s) - 83,33% - Score 0 goal in Penalty Kill

Team Stat

Flames - Hits : 18 - Faceoff Wins : 19 - Blocked Shots : 11 - Penalty Minutes : 8
Predators - Hits : 27 - Faceoff Wins : 28 - Blocked Shots : 4 - Penalty Minutes : 13

Official

Referees : McCreary Bill and Rooney Chris
Linesman : Steve Miller and Scott Cherrey

Game Notes

Marcel Goc is injured at 1:39 of 2nd period (Herniated Disc)
Frans Nielsen is injured at 0:14 of 3rd period (Right Foot)

Finance

Level 1 -- Attendance: 5494 (91,57%) -- Ticket Income 466 990 $
Level 2 -- Attendance: 4552 (91,04%) -- Ticket Income 227 600 $
Level 3 -- Attendance: 1935 (96,75%) -- Ticket Income 58 050 $
Level 4 -- Attendance: 3223 (80,58%) -- Ticket Income 77 352 $
Luxury Box -- Attendance: 813 (81,30%) -- Ticket Income 142 275 $
Game was played at the Wildcat center.
Total Attendance: 16017 (88,98%)
Total Ticket Income: 972 267 $
Other Income: 145 840 $
Total Income: 1 118 107 $

Flames

5 vs 5 Forward 
   Center                   Left Wing                Right Wing               Time % Phy DF OF 
 1 Eric Staal               Alexander Semin          David Backes             39     1   2  2  
 2 Marcel Goc               Mark Bell                Jordin Tootoo            30     1   2  2  
 3 Patrik Berglund          Steve Regier             Milan Hejduk             21     1   2  2  
 4 Colin Wilson             Brad Marchand            Michel Ouellet           10     1   2  2  

5 vs 5 Defense 
   Defense                  Defense                                           Time % Phy DF OF 
 1 Filip Kuba               Steve Eminger                                     40     1   2  2  
 2 Tomas Kaberle            Erik Johnson                                      30     1   2  2  
 3 Ron Hainsey              Joe Corvo                                         20     1   2  2  
 4 Filip Kuba               Steve Eminger                                     10     1   2  2  

PowerPlay Forward 
   Center                   Left Wing                Right Wing               Time % Phy DF OF 
 1 Eric Staal               Alexander Semin          David Backes             60     1   2  2  
 2 Patrik Berglund          Steve Regier             Michel Ouellet           40     1   2  2  

PowerPlay Defense
   Defense                  Defense                                           Time % Phy DF OF 
 1 Filip Kuba               Erik Johnson                                      60     1   2  2  
 2 Tomas Kaberle            Joe Corvo                                         40     1   2  2  

Penalty Kill 4 Players Forward 
   Center                   Wing                     Time % Phy DF OF 
 1 Marcel Goc               David Backes             60     1   3  1  
 2 Eric Staal               Jordin Tootoo            40     1   3  1  

Penalty Kill 4 Players Defense
   Defense                  Defense                  Time % Phy DF OF 
 1 Ron Hainsey              Steve Eminger            60     1   3  1  
 2 Tomas Kaberle            Erik Johnson             40     1   3  1  

Penalty Kill - 3 Players Forward 
   Forward                                           Time % Phy DF OF 
 1 Eric Staal                                        60     1   4  0  
 2 David Backes                                      40     1   4  0  

Penalty Kill - 3 Players Defense
   Defense                  Defense                  Time % Phy DF OF 
 1 Ron Hainsey              Steve Eminger            60     1   4  0  
 2 Tomas Kaberle            Erik Johnson             40     1   4  0  

4 vs 4 Forward 
   Center                   Wing                     Time % Phy DF OF 
 1 Eric Staal               Alexander Semin          60     1   2  2  
 2 Marcel Goc               David Backes             40     1   2  2  

4 vs 4 Defense
   Defense                  Defense                  Time % Phy DF OF 
 1 Filip Kuba               Steve Eminger            60     1   2  2  
 2 Tomas Kaberle            Erik Johnson             40     1   2  2  

Last Minutes Offensive
   Center                   Left Wing                Right Wing               Defense                  Defense                  
   Eric Staal               Alexander Semin          David Backes             Filip Kuba               Steve Eminger            

Last Minutes Defensive
   Center                   Left Wing                Right Wing               Defense                  Defense                  
   Eric Staal               Alexander Semin          David Backes             Filip Kuba               Steve Eminger            

Goaltenders
Starting : Craig Anderson           
Backup : Pekka Rinne              

Extra Forwards
Normal : Alexander Semin, Jordin Tootoo, Mark Bell - PP : Michel Ouellet, Brad Marchand - PK : David Backes
Extra Defensemen
Normal : Erik Johnson, Joe Corvo, Tomas Kaberle - PP : Filip Kuba - PK : Erik Johnson, Ron Hainsey
Penalty Shots
Eric Staal, Alexander Semin, David Backes, Patrik Berglund, Mark Bell

Predators

5 vs 5 Forward 
   Center                   Left Wing                Right Wing               Time % Phy DF OF 
 1 Frans Nielsen            Alexander Ovechkin       Adam Burish              40     1   2  2  
 2 Kris Vernarsky           Alexander Steen          Josef Vasicek            30     2   1  2  
 3 Chris Kelly              Eric Nystrom             Michael Grabner          20     1   2  2  
 4 Erik Rasmussen           James Van Riemsdyk       Vaclav Varada            10     1   2  2  

5 vs 5 Defense 
   Defense                  Defense                                           Time % Phy DF OF 
 1 Christian Ehrhoff        Alexander Edler                                   40     1   2  2  
 2 Andrei Markov            Ryan Mcdonagh                                     30     1   2  2  
 3 John Moore               Barret Jackman                                    20     1   2  2  
 4 Alexander Edler          Ryan Mcdonagh                                     10     1   2  2  

PowerPlay Forward 
   Center                   Left Wing                Right Wing               Time % Phy DF OF 
 1 Frans Nielsen            Alexander Ovechkin       Adam Burish              60     1   1  3  
 2 Josef Vasicek            Alexander Steen          Michael Grabner          40     1   1  3  

PowerPlay Defense
   Defense                  Defense                                           Time % Phy DF OF 
 1 Christian Ehrhoff        Alexander Edler                                   60     1   2  2  
 2 Andrei Markov            Ryan Mcdonagh                                     40     1   2  2  

Penalty Kill 4 Players Forward 
   Center                   Wing                     Time % Phy DF OF 
 1 Frans Nielsen            Alexander Ovechkin       60     1   2  2  
 2 Josef Vasicek            Eric Nystrom             40     1   2  2  

Penalty Kill 4 Players Defense
   Defense                  Defense                  Time % Phy DF OF 
 1 Alexander Edler          Ryan Mcdonagh            60     1   2  2  
 2 John Moore               Barret Jackman           40     1   2  2  

Penalty Kill - 3 Players Forward 
   Forward                                           Time % Phy DF OF 
 1 Frans Nielsen                                     60     1   2  2  
 2 Josef Vasicek                                     40     1   2  2  

Penalty Kill - 3 Players Defense
   Defense                  Defense                  Time % Phy DF OF 
 1 Alexander Edler          Ryan Mcdonagh            60     1   2  2  
 2 John Moore               Barret Jackman           40     1   2  2  

4 vs 4 Forward 
   Center                   Wing                     Time % Phy DF OF 
 1 Frans Nielsen            Alexander Ovechkin       60     1   2  2  
 2 Josef Vasicek            Adam Burish              40     1   2  2  

4 vs 4 Defense
   Defense                  Defense                  Time % Phy DF OF 
 1 Alexander Edler          Ryan Mcdonagh            60     1   2  2  
 2 Christian Ehrhoff        Barret Jackman           40     1   2  2  

Last Minutes Offensive
   Center                   Left Wing                Right Wing               Defense                  Defense                  
   Frans Nielsen            Alexander Ovechkin       Adam Burish              Alexander Edler          Ryan Mcdonagh            

Last Minutes Defensive
   Center                   Left Wing                Right Wing               Defense                  Defense                  
   Frans Nielsen            Alexander Ovechkin       Adam Burish              Alexander Edler          Ryan Mcdonagh            

Goaltenders
Starting : Chad Johnson             
Backup : Maxime Daigneault        

Extra Forwards
Normal : Kris Vernarsky, Josef Vasicek, Alexander Steen - PP : Kris Vernarsky, Josef Vasicek - PK : Eric Nystrom
Extra Defensemen
Normal : Christian Ehrhoff, Barret Jackman, John Moore - PP : Christian Ehrhoff - PK : Christian Ehrhoff, Andrei Markov
Penalty Shots
Alexander Ovechkin, Frans Nielsen, Alexander Steen, Adam Burish, Kris Vernarsky

% Time on Ice - Flames

Lines # - Real PCT - Wanted PCT - Time Play
Normal Forward
1 - 27% - 39% - 10:32
2 - 32% - 30% - 12:35
3 - 25% - 21% - 9:51
4 - 17% - 10% - 6:40
Normal Defense
1 - 42% - 40% - 16:38
2 - 34% - 30% - 13:31
3 - 21% - 20% - 8:27
4 - 3% - 10% - 1:02
PP Forward
1 - 54% - 60% - 6:58
2 - 46% - 40% - 5:57
PP Defense
1 - 56% - 60% - 7:11
2 - 44% - 40% - 5:44
PK Forward
1 - 100% - 60% - 7:26
2 - 0% - 40% - 0:01
PK Defense
1 - 55% - 60% - 4:08
2 - 45% - 40% - 3:19
PK3 Forward
1 - 0% - 60%
2 - 0% - 40%
PK3 Defense
1 - 0% - 60%
2 - 0% - 40%
44 Forward
1 - 74% - 60% - 1:32
2 - 26% - 40% - 0:33
44 Defense
1 - 41% - 60% - 0:51
2 - 59% - 40% - 1:14
Last Minute Offensive  - 0:00
Last Minute Defensive  - 0:00
Total
Forward - 62:05
Defense - 62:05

% Time on Ice - Predators

Lines # - Real PCT - Wanted PCT - Time Play
Normal Forward
1 - 37% - 40% - 14:28
2 - 24% - 30% - 9:37
3 - 21% - 20% - 8:08
4 - 19% - 10% - 7:25
Normal Defense
1 - 42% - 40% - 16:41
2 - 31% - 30% - 12:06
3 - 23% - 20% - 9:12
4 - 4% - 10% - 1:39
PP Forward
1 - 47% - 60% - 3:30
2 - 53% - 40% - 3:57
PP Defense
1 - 51% - 60% - 3:46
2 - 49% - 40% - 3:41
PK Forward
1 - 86% - 60% - 11:10
2 - 14% - 40% - 1:45
PK Defense
1 - 59% - 60% - 7:37
2 - 41% - 40% - 5:18
PK3 Forward
1 - 0% - 60%
2 - 0% - 40%
PK3 Defense
1 - 0% - 60%
2 - 0% - 40%
44 Forward
1 - 100% - 60% - 2:05
2 - 0% - 40% - 0:00
44 Defense
1 - 65% - 60% - 1:21
2 - 35% - 40% - 0:44
Last Minute Offensive  - 0:00
Last Minute Defensive  - 0:00
Total
Forward - 62:05
Defense - 62:05

Play by Play

1st period


0:01 of 1st period - Frans Nielsen wins face-off versus Eric Staal in neutral zone.
0:08 of 1st period - Wrist shot by Frans Nielsen.
0:08 of 1st period - Shot Misses the Net.
0:10 of 1st period - Slapshot by Christian Ehrhoff.
0:10 of 1st period - Deflect By Alexander Ovechkin.
0:10 of 1st period - Stopped by Craig Anderson without a rebound.
0:11 of 1st period - Kris Vernarsky wins face-off versus Marcel Goc in Flames zone.
0:12 of 1st period - Slapshot by Alexander Steen.
0:12 of 1st period - Shot Blocked by Mark Bell.
0:59 of 1st period - Snap shot by Marcel Goc.
0:59 of 1st period - Stopped by Chad Johnson without a rebound.
1:00 of 1st period - Chris Kelly wins face-off versus Patrik Berglund in Predators zone.
1:26 of 1st period - David Backes is hit by Vaclav Varada and loses puck.
1:37 of 1st period - Slapshot by Erik Rasmussen.
1:37 of 1st period - Shot Misses the Net.
2:47 of 1st period - Christian Ehrhoff is hit by David Backes and loses puck.
3:23 of 1st period - Wrist shot by Alexander Ovechkin.
3:23 of 1st period - Shot Misses the Net.
4:29 of 1st period - Wrist shot by Michel Ouellet.
4:29 of 1st period - Stopped by Chad Johnson with a rebound.
4:31 of 1st period - Slapshot by Steve Eminger.
4:31 of 1st period - Stopped by Chad Johnson with a rebound.
4:33 of 1st period - Wrist shot by Steve Eminger.
4:33 of 1st period - Stopped by Chad Johnson with a rebound.
5:07 of 1st period - Snap shot by Patrik Berglund.
5:07 of 1st period - Shot Misses the Net.
5:09 of 1st period - Wrist shot by Milan Hejduk.
5:09 of 1st period - Shot Misses the Net.
5:15 of 1st period - Wrist shot by Patrik Berglund.
5:15 of 1st period - Shot Blocked by John Moore.
6:17 of 1st period - Wrist shot by Eric Staal.
6:17 of 1st period - Shot Misses the Net.
6:39 of 1st period - Andrei Markov is hit by Brad Marchand.
7:09 of 1st period - Tomas Kaberle is hit by Josef Vasicek and loses puck.
7:20 of 1st period - Alexander Semin is hit by Adam Burish and loses puck.
8:07 of 1st period - Slapshot by Marcel Goc.
8:07 of 1st period - Shot Misses the Net.
8:21 of 1st period - David Backes is hit by Frans Nielsen and loses puck.
9:26 of 1st period - James Van Riemsdyk is hit by Alexander Semin and loses puck.
10:38 of 1st period - Steve Eminger is hit by Eric Nystrom and loses puck.
10:55 of 1st period - Filip Kuba is hit by Alexander Steen and loses puck.
11:54 of 1st period - Slapshot by Marcel Goc.
11:54 of 1st period - Goal by Marcel Goc - Flames : 1 - Predators : 0.
11:55 of 1st period - Frans Nielsen wins face-off versus Eric Staal in neutral zone.
11:57 of 1st period - Minor Penalty to Frans Nielsen for Slashing.
11:58 of 1st period - Eric Staal wins face-off versus Eric Nystrom in Predators zone.
13:57 of 1st period - Penalty to Frans Nielsen is over, Frans Nielsen is back on ice.
14:02 of 1st period - Snap shot by Alexander Edler.
14:02 of 1st period - Shot Blocked by Joe Corvo.
14:37 of 1st period - Jordin Tootoo is hit by Michael Grabner and loses puck.
15:20 of 1st period - Snap shot by David Backes.
15:20 of 1st period - Shot Misses the Net.
15:34 of 1st period - Steve Regier is hit by Ryan Mcdonagh and loses puck.
16:02 of 1st period - Slapshot by Erik Rasmussen.
16:02 of 1st period - Stopped by Craig Anderson with a rebound.
16:04 of 1st period - Slapshot by Barret Jackman.
16:04 of 1st period - Stopped by Craig Anderson with a rebound.
16:24 of 1st period - Snap shot by Mark Bell.
16:24 of 1st period - Stopped by Chad Johnson without a rebound.
16:25 of 1st period - Kris Vernarsky wins face-off versus Patrik Berglund in Predators zone.
16:25 of 1st period - Kris Vernarsky is hit by Milan Hejduk.
17:56 of 1st period - Slapshot by Josef Vasicek.
17:56 of 1st period - Goal by Josef Vasicek - Flames : 1 - Predators : 1.
17:57 of 1st period - Frans Nielsen wins face-off versus David Backes in neutral zone.
18:00 of 1st period - Snap shot by Alexander Edler.
18:00 of 1st period - Stopped by Craig Anderson without a rebound.
18:01 of 1st period - Frans Nielsen wins face-off versus Alexander Semin in Flames zone.
18:02 of 1st period - Snap shot by Alexander Ovechkin.
18:02 of 1st period - Stopped by Craig Anderson with a rebound.
18:08 of 1st period - Snap shot by Steve Eminger.
18:08 of 1st period - Stopped by Chad Johnson with a rebound.
18:10 of 1st period - Wrist shot by Alexander Semin.
18:10 of 1st period - Goal by Alexander Semin - Flames : 2 - Predators : 1.
18:11 of 1st period - Eric Staal wins face-off versus Frans Nielsen in neutral zone.
18:16 of 1st period - Wrist shot by Alexander Semin.
18:16 of 1st period - Shot Blocked by Adam Burish.
18:33 of 1st period - Minor Penalty to Josef Vasicek for Tripping.
18:34 of 1st period - Frans Nielsen wins face-off versus Eric Staal in Predators zone.
18:59 of 1st period - Alexander Ovechkin is hit by Erik Johnson.
19:03 of 1st period - Alexander Edler is hit by Michel Ouellet and loses puck.
19:29 of 1st period - Tomas Kaberle is hit by John Moore and loses puck.
19:40 of 1st period - Steve Regier is hit by Barret Jackman and loses puck.
19:51 of 1st period - Slapshot by Michel Ouellet.
19:51 of 1st period - Shot Misses the Net.
Goals for this period are 2 for Flames vs 1 for Predators.
Shots for this period are 8 for Flames vs 6 for Predators.

2nd period


0:01 of 2nd period - Eric Staal wins face-off versus Frans Nielsen in neutral zone.
0:25 of 2nd period - Steve Regier is hit by Ryan Mcdonagh and loses puck.
0:33 of 2nd period - Penalty to Josef Vasicek is over, Josef Vasicek is back on ice.
0:51 of 2nd period - Icing by Eric Nystrom.
0:52 of 2nd period - Chris Kelly wins face-off versus Eric Staal in Predators zone.
1:04 of 2nd period - Icing by Eric Staal.
1:05 of 2nd period - Frans Nielsen wins face-off versus Eric Staal in Flames zone.
1:12 of 2nd period - Wrist shot by Frans Nielsen.
1:12 of 2nd period - Shot Misses the Net.
1:24 of 2nd period - Snap shot by Alexander Semin.
1:24 of 2nd period - Stopped by Chad Johnson without a rebound.
1:25 of 2nd period - Kris Vernarsky wins face-off versus Marcel Goc in Predators zone.
1:38 of 2nd period - Marcel Goc is hit by Ryan Mcdonagh and loses puck.
1:39 of 2nd period - Marcel Goc from Flames is injured at 1:39 of 2nd period (Herniated Disc).
1:40 of 2nd period - Frans Nielsen wins face-off versus Eric Staal in Flames zone.
1:45 of 2nd period - Backhand shot by Alexander Ovechkin.
1:45 of 2nd period - Shot Blocked by Steve Eminger.
1:47 of 2nd period - Wrist shot by Alexander Edler.
1:47 of 2nd period - Stopped by Craig Anderson with a rebound.
1:49 of 2nd period - Slapshot by Alexander Edler.
1:49 of 2nd period - Stopped by Craig Anderson with a rebound.
1:51 of 2nd period - Snap shot by Adam Burish.
1:51 of 2nd period - Stopped by Craig Anderson without a rebound.
1:52 of 2nd period - Eric Staal wins face-off versus Frans Nielsen in Flames zone.
2:05 of 2nd period - Wrist shot by Alexander Ovechkin.
2:05 of 2nd period - Stopped by Craig Anderson with a rebound.
2:19 of 2nd period - Kris Vernarsky is hit by Milan Hejduk and loses puck.
2:27 of 2nd period - Icing by Alexander Steen.
2:28 of 2nd period - Alexander Semin wins face-off versus Kris Vernarsky in Predators zone.
3:48 of 2nd period - Off-side.
3:49 of 2nd period - Colin Wilson wins face-off versus Frans Nielsen in neutral zone.
3:49 of 2nd period - Colin Wilson is hit by Frans Nielsen.
3:56 of 2nd period - Minor Penalty to Adam Burish for Hooking.
3:57 of 2nd period - Alexander Ovechkin wins face-off versus Alexander Semin in Predators zone.
4:27 of 2nd period - Slapshot by Michel Ouellet.
4:27 of 2nd period - Stopped by Chad Johnson without a rebound.
4:28 of 2nd period - Josef Vasicek wins face-off versus Eric Staal in Predators zone.
5:00 of 2nd period - Slapshot by Barret Jackman.
5:00 of 2nd period - Shot Blocked by Joe Corvo.
5:56 of 2nd period - Penalty to Adam Burish is over, Adam Burish is back on ice.
6:01 of 2nd period - Slapshot by Eric Staal.
6:01 of 2nd period - Shot Blocked by Ryan Mcdonagh.
6:03 of 2nd period - Snap shot by Mark Bell.
6:03 of 2nd period - Stopped by Chad Johnson with a rebound.
6:27 of 2nd period - Ron Hainsey is hit by Vaclav Varada and loses puck.
6:46 of 2nd period - Steve Eminger is hit by Michael Grabner and loses puck.
7:03 of 2nd period - Kris Vernarsky is hit by Alexander Semin.
7:07 of 2nd period - Alexander Semin is hit by Josef Vasicek and loses puck.
8:19 of 2nd period - Kris Vernarsky is hit by Michel Ouellet and loses puck.
8:36 of 2nd period - Snap shot by Erik Rasmussen.
8:36 of 2nd period - Shot Misses the Net.
8:38 of 2nd period - Snap shot by Vaclav Varada.
8:38 of 2nd period - Stopped by Craig Anderson with a rebound.
8:40 of 2nd period - Wrist shot by Erik Rasmussen.
8:40 of 2nd period - Goal by Erik Rasmussen - Flames : 2 - Predators : 2.
8:41 of 2nd period - Frans Nielsen wins face-off versus Patrik Berglund in neutral zone.
9:12 of 2nd period - Wrist shot by David Backes.
9:12 of 2nd period - Shot Misses the Net.
9:14 of 2nd period - Wrist shot by Alexander Semin.
9:14 of 2nd period - Goal by Alexander Semin - Flames : 3 - Predators : 2.
9:15 of 2nd period - Frans Nielsen wins face-off versus Eric Staal in neutral zone.
10:00 of 2nd period - Minor Penalty to Milan Hejduk for Hooking.
10:01 of 2nd period - Eric Staal wins face-off versus Frans Nielsen in Flames zone.
10:14 of 2nd period - Snap shot by Frans Nielsen.
10:14 of 2nd period - Shot Misses the Net.
10:16 of 2nd period - Slapshot by Alexander Ovechkin.
10:16 of 2nd period - Shot Blocked by Ron Hainsey.
10:36 of 2nd period - Snap shot by Josef Vasicek.
10:36 of 2nd period - Shot Misses the Net.
10:38 of 2nd period - Slapshot by Ryan Mcdonagh.
10:38 of 2nd period - Shot Misses the Net.
12:00 of 2nd period - Penalty to Milan Hejduk is over, Milan Hejduk is back on ice.
12:08 of 2nd period - Slapshot by James Van Riemsdyk.
12:08 of 2nd period - Stopped by Craig Anderson with a rebound.
12:10 of 2nd period - Slapshot by Vaclav Varada.
12:10 of 2nd period - Stopped by Craig Anderson without a rebound.
12:11 of 2nd period - Erik Rasmussen wins face-off versus Colin Wilson in Flames zone.
12:34 of 2nd period - Slapshot by Erik Rasmussen.
12:34 of 2nd period - Shot Blocked by Ron Hainsey.
13:05 of 2nd period - Off-side.
13:06 of 2nd period - Frans Nielsen wins face-off versus Colin Wilson in neutral zone.
13:13 of 2nd period - Wrist shot by Alexander Ovechkin.
13:13 of 2nd period - Shot Misses the Net.
13:54 of 2nd period - Wrist shot by Chris Kelly.
13:54 of 2nd period - Stopped by Craig Anderson without a rebound.
13:55 of 2nd period - Patrik Berglund wins face-off versus Chris Kelly in Flames zone.
14:35 of 2nd period - Slapshot by Eric Nystrom.
14:35 of 2nd period - Goal by Eric Nystrom - Flames : 3 - Predators : 3.
14:36 of 2nd period - Frans Nielsen wins face-off versus Eric Staal in neutral zone.
15:38 of 2nd period - Minor Penalty to Joe Corvo for High sticking.
15:39 of 2nd period - David Backes wins face-off versus Josef Vasicek in Flames zone.
16:29 of 2nd period - Icing by Christian Ehrhoff.
16:30 of 2nd period - Josef Vasicek wins face-off versus Colin Wilson in Predators zone.
17:01 of 2nd period - Andrei Markov is hit by David Backes.
17:38 of 2nd period - Penalty to Joe Corvo is over, Joe Corvo is back on ice.
17:51 of 2nd period - Minor Penalty to Steve Regier for Tripping.
17:52 of 2nd period - Frans Nielsen wins face-off versus Eric Staal in Flames zone.
18:09 of 2nd period - Snap shot by Josef Vasicek.
18:09 of 2nd period - Shot Blocked by Steve Eminger.
18:27 of 2nd period - Slapshot by Ryan Mcdonagh.
18:27 of 2nd period - Shot Misses the Net.
18:55 of 2nd period - Slapshot by Erik Johnson.
18:55 of 2nd period - Shot Misses the Net.
19:51 of 2nd period - Penalty to Steve Regier is over, Steve Regier is back on ice.
19:59 of 2nd period - Icing by Jordin Tootoo.
Goals for this period are 1 for Flames vs 2 for Predators.
Shots for this period are 4 for Flames vs 10 for Predators.

3rd period


0:01 of 3rd period - Eric Staal wins face-off versus Alexander Ovechkin in neutral zone.
0:12 of 3rd period - Snap shot by Alexander Semin.
0:12 of 3rd period - Stopped by Chad Johnson with a rebound.
0:14 of 3rd period - Snap shot by Steve Eminger.
0:14 of 3rd period - Shot Blocked by Frans Nielsen.
0:14 of 3rd period - Frans Nielsen from Predators is injured at 0:14 of 3rd period (Right Foot).
0:15 of 3rd period - Eric Staal wins face-off versus Kris Vernarsky in Predators zone.
0:20 of 3rd period - Slapshot by Eric Staal.
0:20 of 3rd period - Deflect By Alexander Semin.
0:20 of 3rd period - Shot Misses the Net.
0:20 of 3rd period - Puck is out of play.
0:21 of 3rd period - Kris Vernarsky wins face-off versus Eric Staal in Predators zone.
1:19 of 3rd period - Christian Ehrhoff is hit by Jordin Tootoo.
1:27 of 3rd period - Snap shot by Alexander Semin.
1:27 of 3rd period - Stopped by Chad Johnson without a rebound.
1:28 of 3rd period - Kris Vernarsky wins face-off versus Eric Staal in Predators zone.
1:32 of 3rd period - Minor Penalty to David Backes for Hooking.
1:33 of 3rd period - Eric Staal wins face-off versus Kris Vernarsky in Flames zone.
1:41 of 3rd period - Snap shot by Alexander Edler.
1:41 of 3rd period - Stopped by Craig Anderson with a rebound.
1:43 of 3rd period - Snap shot by Adam Burish.
1:43 of 3rd period - Shot Blocked by Steve Eminger.
1:45 of 3rd period - Slapshot by Alexander Ovechkin.
1:45 of 3rd period - Stopped by Craig Anderson without a rebound.
1:46 of 3rd period - Eric Staal wins face-off versus Kris Vernarsky in Flames zone.
1:57 of 3rd period - Ron Hainsey is hit by Alexander Ovechkin and loses puck.
2:30 of 3rd period - Colin Wilson is hit by Alexander Steen and loses puck.
3:02 of 3rd period - Snap shot by Josef Vasicek.
3:02 of 3rd period - Goal by Josef Vasicek - Flames : 3 - Predators : 4.
3:03 of 3rd period - Eric Staal wins face-off versus Kris Vernarsky in neutral zone.
3:05 of 3rd period - Off-side.
3:06 of 3rd period - Eric Staal wins face-off versus Kris Vernarsky in neutral zone.
3:15 of 3rd period - Alexander Ovechkin is hit by Alexander Semin and loses puck.
3:37 of 3rd period - Major Penalty to Alexander Ovechkin for Boarding.
3:38 of 3rd period - Patrik Berglund wins face-off versus Eric Nystrom in Predators zone.
3:38 of 3rd period - Snap shot by Steve Regier.
3:38 of 3rd period - Shot Misses the Net.
3:40 of 3rd period - Snap shot by Michel Ouellet.
3:40 of 3rd period - Goal by Michel Ouellet - Flames : 4 - Predators : 4.
3:41 of 3rd period - Eric Staal wins face-off versus Eric Nystrom in neutral zone.
4:06 of 3rd period - Michel Ouellet is hit by Alexander Steen and loses puck.
5:05 of 3rd period - Steve Regier is hit by Erik Rasmussen and loses puck.
5:56 of 3rd period - Michel Ouellet is hit by Eric Nystrom and loses puck.
7:00 of 3rd period - Ryan Mcdonagh is hit by Brad Marchand.
8:37 of 3rd period - Penalty to Alexander Ovechkin is over, Alexander Ovechkin is back on ice.
9:14 of 3rd period - Eric Nystrom is hit by Filip Kuba and loses puck.
11:03 of 3rd period - Mark Bell is hit by Michael Grabner and loses puck.
12:32 of 3rd period - Michel Ouellet is hit by Eric Nystrom and loses puck.
12:57 of 3rd period - Joe Corvo is hit by James Van Riemsdyk and loses puck.
14:00 of 3rd period - David Backes is hit by Andrei Markov and loses puck.
14:16 of 3rd period - Icing by Andrei Markov.
14:17 of 3rd period - Erik Rasmussen wins face-off versus Colin Wilson in Predators zone.
14:22 of 3rd period - Colin Wilson is hit by Andrei Markov and loses puck.
14:52 of 3rd period - Wrist shot by David Backes.
14:52 of 3rd period - Shot Misses the Net.
14:54 of 3rd period - Slapshot by Erik Johnson.
14:54 of 3rd period - Deflect By Christian Ehrhoff.
14:54 of 3rd period - Stopped by Chad Johnson without a rebound.
14:55 of 3rd period - Eric Staal wins face-off versus Kris Vernarsky in Predators zone.
15:18 of 3rd period - Christian Ehrhoff is hit by Jordin Tootoo and loses puck.
15:43 of 3rd period - Snap shot by Alexander Ovechkin.
15:43 of 3rd period - Deflect By Josef Vasicek.
15:43 of 3rd period - Shot Blocked by Filip Kuba.
15:43 of 3rd period - Puck is out of play.
15:44 of 3rd period - Chris Kelly wins face-off versus Patrik Berglund in Flames zone.
16:10 of 3rd period - Erik Johnson is hit by Kris Vernarsky and loses puck.
16:15 of 3rd period - Wrist shot by Alexander Ovechkin.
16:15 of 3rd period - Shot Misses the Net.
16:41 of 3rd period - Wrist shot by Michel Ouellet.
16:41 of 3rd period - Stopped by Chad Johnson with a rebound.
16:47 of 3rd period - Minor Penalty to Kris Vernarsky for Hooking.
16:48 of 3rd period - Eric Nystrom wins face-off versus Eric Staal in Predators zone.
17:17 of 3rd period - Alexander Ovechkin is hit by Steve Regier and loses puck.
18:47 of 3rd period - Penalty to Kris Vernarsky is over, Kris Vernarsky is back on ice.
19:10 of 3rd period - Josef Vasicek is hit by Erik Johnson and loses puck.
19:35 of 3rd period - Alexander Edler is hit by David Backes and loses puck.
Goals for this period are 1 for Flames vs 1 for Predators.
Shots for this period are 5 for Flames vs 3 for Predators.

Overtime #1


0:01 of 1st overtime period - Kris Vernarsky wins face-off versus Eric Staal in neutral zone.
0:14 of 1st overtime period - Slapshot by Filip Kuba.
0:14 of 1st overtime period - Deflect By Eric Staal.
0:14 of 1st overtime period - Stopped by Chad Johnson without a rebound.
0:15 of 1st overtime period - Eric Staal wins face-off versus Kris Vernarsky in Predators zone.
0:29 of 1st overtime period - Slapshot by Alexander Semin.
0:29 of 1st overtime period - Deflect By Alexander Edler.
0:29 of 1st overtime period - Stopped by Chad Johnson with a rebound.
1:01 of 1st overtime period - Snap shot by Kris Vernarsky.
1:01 of 1st overtime period - Stopped by Craig Anderson without a rebound.
1:02 of 1st overtime period - Kris Vernarsky wins face-off versus Eric Staal in Flames zone.
1:03 of 1st overtime period - Wrist shot by Alexander Steen.
1:03 of 1st overtime period - Shot Blocked by Tomas Kaberle.
1:17 of 1st overtime period - Wrist shot by Alexander Steen.
1:17 of 1st overtime period - Shot Blocked by Erik Johnson.
1:35 of 1st overtime period - Backhand shot by Jordin Tootoo.
1:35 of 1st overtime period - Shot Misses the Net.
1:57 of 1st overtime period - Slapshot by Brad Marchand.
1:57 of 1st overtime period - Shot Misses the Net.
2:05 of 1st overtime period - Backhand shot by Mark Bell.
2:05 of 1st overtime period - Goal by Mark Bell - Flames : 5 - Predators : 4.
Goals for this period are 1 for Flames vs 0 for Predators.
Shots for this period are 3 for Flames vs 1 for Predators.